 Dungeon Crawl Stone Soup version 0.28.0-53-g5a82cb258f (webtiles) character file.

Game seed: 14648211236235523437

120750 McKennaii the Devastator (level 16, -4/105 HPs)
             Began as a Yellow Draconian Conjurer on May 30, 2022.
             Was a High Priest of Sif Muna.
             Hit by a boomerang thrown by a merfolk (7 damage)
             ... on level 3 of the Shoals.
             The game lasted 01:08:54 (50086 turns).

McKennaii the Devastator (DrCj)                    Turns: 50086, Time: 01:08:54

Health: -4/105     AC: 11    Str: 12    XL:     16   Next: 30%
Magic:  26/38      EV: 13    Int: 31    God:    Sif Muna [*****.]
Gold:   2719       SH:  0    Dex:  9    Spells: 26/51 levels left

rFire   . . .      SeeInvis .   S - +0 staff of Battle
rCold   + . .      Faith    .   (no shield)
rNeg    . . .      Spirit   .   (armour unavailable)
rPois   .          Reflect  .   (helmet restricted)
rElec   .          Harm     .   W - scarf {shadows}
rCorr   +          Rampage  .   y - +0 pair of gloves
Will    +....                   U - +0 pair of boots
Stlth   ++........              (no amulet)
HPRegen 0.27/turn               M - +6 ring of intelligence
MPRegen 0.26/turn               w - ring of protection from cold

@: afraid, flying
A: spit acid, AC +9, unfitting armour, acidic bite, cold-blooded, acid
resistance, big wings, wild magic 1
a: Breathe Acid, Renounce Religion, Channel Magic, Forget Spell, Divine Exegesis


You were on level 3 of the Shoals.
You worshipped Sif Muna.
Sif Muna was extremely pleased with you.
You visited 5 branches of the dungeon, and saw 27 of its levels.
You also visited: Sewer and Bailey.

You collected 3072 gold pieces.
You spent 353 gold pieces at shops.

Inventory:

Hand Weapons
 c - a +2 trident of draining
 I - the +4 rapier "Draconian's Curse" {holy, rN+}
   (You found it on level 10 of the Dungeon)

   It has been blessed by the Shining One to cause great damage to the undead
   and demons.
   rN:        It protects you from negative energy.
 S - the +0 staff of Battle (weapon)
   (You found it on level 6 of the Lair of Beasts)

   It enhances your conjuration magic.
   It summons a battlesphere in combat, with strength depending on Conjurations
   skill.
   Its strikes trigger the battlesphere's blasts.
 Z - the +7 dagger of Defence by Offence {protect, rN++}
   (You bought it in a shop on level 2 of the Orcish Mines)

   It grants its wielder temporary protection when it strikes (+7 to AC).
   rN:        It greatly protects you from negative energy.
Missiles
 C - a throwing net
Armour
 y - a +0 pair of gloves (worn)
 U - a +0 pair of boots (worn)
 W - a scarf of shadows (worn)
Jewellery
 h - a ring of wizardry
 v - a ring of protection from fire
 w - a ring of protection from cold (right hand)
 K - a ring of see invisible
 M - a +6 ring of intelligence (left hand)
 P - a ring of fire
 Q - a ring of poison resistance
 R - a ring of protection from cold
Wands
 u - a wand of paralysis (1)
 z - a wand of flame (27)
 B - a wand of iceblast (13)
 F - a wand of charming (12)
 H - a wand of acid (9)
 X - a wand of mindburst (4)
 Y - a wand of digging (6)
Scrolls
 a - 2 scrolls of brand weapon
 d - 3 scrolls of immolation
 e - 7 scrolls of identify
 j - 5 scrolls of enchant weapon
 l - 3 scrolls of enchant armour
 p - 3 scrolls of amnesia
 q - 8 scrolls of teleportation
 r - 6 scrolls of fear
 s - 2 scrolls of vulnerability
 t - 5 scrolls of noise
 x - 4 scrolls of fog
 A - a scroll of torment
 G - 2 scrolls of summoning
 L - 4 scrolls of magic mapping
 N - a scroll of blinking
 V - 2 scrolls of silence
Potions
 b - 8 potions of curing
 f - 8 potions of mutation
 g - 5 potions of brilliance
 i - 2 potions of resistance
 k - 7 potions of lignification
 m - 7 potions of attraction
 n - 4 potions of haste
 o - 2 potions of flight
 D - 2 potions of invisibility
 E - a potion of experience
 J - 5 potions of might
 O - 3 potions of cancellation
 T - 2 potions of heal wounds


   Skills:
 + Level 5.1 Dodging
 - Level 4.0 Stealth
 + Level 18.1 Spellcasting
 + Level 19.8 Conjurations
 + Level 4.7 Transmutations
 - Level 5.0 Ice Magic
 - Level 5.0 Air Magic


You had 26 spell levels left.
You knew the following spells:

 Your Spells              Type           Power      Damage    Failure   Level
a - Magic Dart            Conj           100%       1d8       1%          1
b - Searing Ray           Conj           100%       2d8       1%          2
c - Iskenderun's Mystic   Conj/Tloc      100%       2d19      1%          4
e - Orb of Destruction    Conj           69%        9d16      1%          7
g - Freezing Cloud        Conj/Ice/Air   54%        6-21      1%          5
m - Statue Form           Tmut/Erth      35%        N/A       71%         6

Your spell library contained the following spells:

 Spells                   Type           Power      Damage    Failure   Level
 Foxfire                  Conj/Fire      100%       2x1d9     1%          1
 Freeze                   Ice            100%       1d11      1%          1
 Shock                    Conj/Air       100%       1d9       1%          1
 Corpse Rot               Necr/Air       100%       N/A       1%          2
 Ensorcelled Hibernation  Hex/Ice        100%       N/A       1%          2
 Poisonous Vapours        Pois/Air       100%       N/A       1%          2
 Wereblood                Tmut           65%        N/A       1%          2
 Conjure Flame            Conj/Fire      100%       6-21      1%          3
 Dazzling Flash           Conj/Hex       100%       N/A       1%          3
 Mephitic Cloud           Conj/Pois/Air  100%       N/A       1%          3
 Stone Arrow              Conj/Erth      100%       3d13      1%          3
 Flame Wave               Conj/Fire      100%       2d17      1%          4
 Fulminant Prism          Conj/Hex       54%        3d23      1%          4
 Hailstorm                Conj/Ice       100%       3d20      1%          4
 Sticky Flame             Conj/Fire      100%       2d11      1%          4
 Fireball                 Conj/Fire      54%        3d21      1%          5
 Irradiate                Conj/Tmut      58%        3d32      1%          5
 Iskenderun's Battlesphe  Conj           100%       2d15      1%          5
 Apportation              Tloc           72%        N/A       2%          1
 Slow                     Hex            100%       N/A       2%          1
 Conjure Ball Lightning   Conj/Air       58%        3x3d21    2%          6
 Ice Form                 Ice/Tmut       66%        N/A       3%          4
 Scorch                   Fire           72%        2d9       4%          2
 Ignite Poison            Fire/Tmut/Pois 49%        N/A       4%          3
 Iron Shot                Conj/Erth      54%        9d10      6%          6
 Starburst                Conj/Fire      54%        6d15      6%          6
 Confusing Touch          Hex            36%        N/A       7%          3
 Gell's Gravitas          Tloc           36%        N/A       7%          3
 Inner Flame              Hex/Fire       36%        N/A       7%          3
 Portal Projectile        Hex/Tloc       72%        N/A       7%          3
 Teleport Other           Tloc           36%        N/A       7%          3
 Tukima's Dance           Hex            36%        N/A       7%          3
 Vampiric Draining        Necr           36%        2d8       7%          3
 Petrify                  Tmut/Erth      53%        N/A       9%          4
 Anguish                  Hex/Necr       18%        N/A       21%         4
 Animate Dead             Necr           18%        N/A       21%         4
 Metabolic Englaciation   Hex/Ice        27%        N/A       21%         5
 Alistair's Intoxication  Tmut/Pois      35%        N/A       22%         5
 Borgnjor's Vile Clutch   Necr/Erth      18%        N/A       45%         5
 Manifold Assault         Tloc           36%        N/A       45%         5
 Simulacrum               Ice/Necr       27%        N/A       69%         6
 Eringya's Noxious Bog    Tmut/Pois      26%        N/A       71%         6
 Ozocubu's Refrigeration  Ice            33%        4d11      88%         7
 Storm Form               Tmut/Air       33%        N/A       90%         7
 Death Channel            Necr           18%        N/A       95%         6
 Dispersal                Tloc           18%        N/A       95%         6
 Summon Cactus Giant      Summ           18%        N/A       95%         6
 Enfeeble                 Hex            18%        N/A       100%        7
 Malign Gateway           Summ/Tloc      18%        N/A       100%        7
 Disjunction              Tloc           18%        N/A       100%        8
 Maxwell's Capacitive Co  Air            33%        ∞         100%        8
 Chain Lightning          Conj/Air       58%        3d78      100%        9
 Fire Storm               Conj/Fire      54%        8d14      100%        9


Dungeon Overview and Level Annotations

Branches:
Dungeon (15/15)            Temple (1/1) D:5            Lair (6/6) D:11
 Shoals (3/4) Lair:3       Spider (0/4) Lair:4        Slime (0/5) Lair:5
    Orc (2/2) D:11            Elf (0/3) Orc:2        Vaults (0/5) D:14
 Depths (0/4) D:15          Sewer (visited)          Bailey (visited)

Altars:
Ashenzari
Cheibriados
Dithmenos
Elyvilon
Fedhas
Gozag
Hepliaklqana
Kikubaaqudgha
Makhleb
Nemelex Xobeh
Okawaru
Qazlal
Ru
Sif Muna
Trog
Uskayaw
Vehumet
Wu Jian
Xom
Yredelemnul
Zin
The Shining One
Beogh

Shops:
D:4 *   D:10 [   Orc:2 ([*(


Innate Abilities, Weirdness & Mutations

You can spit globs of acid.
Your golden yellow scales are hard. (AC +9)
You cannot fit into any form of body armour.
You have acidic saliva.
You are cold-blooded and may be slowed by cold attacks.
You are resistant to acid. (rCorr)
Your large and strong wings let you fly.
Your spells are a little harder to cast, but a little more powerful.


Message History

The harpy is knocked back by the mystic blast.
The mystic blast hits the harpy!
You kill the harpy!
Sif Muna accepts your kill.
The mystic blast hits the harpy!!
You kill the harpy!
Sif Muna accepts your kill.
Unknown command.
Unknown command.
You feel a surge of power!
The magic dart hits the harpy.
The harpy is moderately wounded.
Your battlesphere fires!
The barrage of energy hits the harpy!!
The harpy is almost dead.
The harpy claws you. The harpy claws you but does no damage.
The satyr plays a frightful melody on his pipes!
The satyr radiates an aura of fear!
You are terrified of the satyr!
A merfolk comes into view. It is wielding a +0 trident.
The harpy claws you! The harpy barely misses you.
Unknown command.
Unknown command.
Casting: Magic Dart (safe; 1% risk of failure)
Confirm with . or Enter, or press ? or * to list all spells.
You feel a surge of power!
You erupt in a blast of force!
The mystic blast hits the harpy!!
You kill the harpy!
Sif Muna accepts your kill.
The mystic blast hits the harpy!
The harpy is almost dead.
The harpy is knocked back by the mystic blast.
The satyr shoots an arrow.
The arrow hits you!!
Unknown command.
Unknown command.
The harpy claws you!
* * * LOW HITPOINT WARNING * * *
The harpy barely misses you.
The satyr shoots an arrow.
The arrow hits you!!
* * * LOW HITPOINT WARNING * * *
The merfolk throws a boomerang.
The boomerang hits you!
You die...

≈≈≈≈.≈≈.
≈≈≈≈≈≈. ....
≈≈≈≈≈≈ ≈≈≈≈≈#
.≈..###.≈≈≈≈≈
≈P≈≈
≈≈...#..≈≈≈≈≈
≈≈
≈[.....≈≈≈≈≈≈
≈≈.....≈≈≈≈≈≈
≈≈≈...*≈≈≈≈≈≈
≈≈≈≈≈≈@H>≈≈≈≈
≈≈≈≈≈≈≈..≈≈≈≈
≈≈≈≈≈≈≈.≈≈≈≈≈
≈≈≈≈≈≈≈≈≈(≈>≈
≈≈≈≈≈≈≈≈c≈.≈≈
≈≈≈≈≈≈≈≈≈..m≈
≈≈≈≈≈≈≈≈.[#..


You could see a satyr (scary), a merfolk, a harpy and a friendly battlesphere.

Vanquished Creatures
  Kirke (D:13)
  Roxanne (D:14)
  An orc warlord (Orc:2)
  2 elemental wellsprings (Shoals:2)
  Josephine (D:15)
  A merfolk javelineer (Shoals:2)
  The ghost of Faeu the Blocker, a journeyman MiFi of Trog (Orc:2)
  7 hydras
  3 merfolk aquamancers (Shoals:2)
  A catoblepas (Lair:4)
  3 boulder beetles
  3 centaur warriors
  A merfolk avatar (Lair:6)
  10 death yaks
  5 orc high priests
  3 two-headed ogres
  Sonja (D:13)
  7 sea snakes
  A necromancer (D:15)
  2 wizards (D:15)
  A deep elf pyromancer (D:12)
  A faun (Shoals:3)
  3 orc knights
  5 orc sorcerers
  18 harpies
  18 ugly things
  2 oklob plants (Lair:2)
  6 cyclopes
  9 manticores
  2 merfolk sirens (Shoals:1)
  A water nymph (Shoals:2)
  2 ice statues (D:14)
  6 elephants
  4 black mambas
  2 centaur zombies
  8 cane toads
  A gargoyle (D:12)
  Maurice (Orc:2)
  A naga mage (D:15)
  7 rime drakes
  3 yaktaurs (D:14)
  3 torpor snails
  3 efreet
  A kobold demonologist (D:10)
  A rime drake (shapeshifter) (D:15)
  10 komodo dragons
  3 meliai (D:15)
  5 trolls
  12 merfolk
  3 polar bears
  A hornet (Lair:6)
  Prince Ribbit (D:5)
  4 wind drakes
  7 slime creatures
  13 blink frogs
  6 snapping turtles
  A meliai zombie (D:15)
  13 dream sheep
  2 centaur simulacra
  8 spriggans (Bailey)
  10 wraiths
  4 shadows
  5 water elementals
  7 wyverns
  7 hogs (D:13)
  A yak (shapeshifter) (D:13)
  80 yaks
  2 basilisks
  A redback (shapeshifter) (D:13)
  A warg (Orc:2)
  2 acid dragons
  14 water moccasins
  Duvessa (D:6)
  28 orc warriors
  3 sky beasts
  2 ice beasts
  2 black bears
  14 ogres
  A hornet zombie (D:6)
  5 boggarts (D:12)
  25 wolves
  13 centaurs
  2 phantoms (D:5)
  4 kobold brigands
  A gnoll sergeant (D:9)
  9 bullfrogs
  A scorpion (D:6)
  A wyvern zombie (D:8)
  A troll zombie (D:11)
  A water moccasin skeleton (D:6)
  2 water moccasin zombies
  Dowan (D:6)
  5 killer bees (D:8)
  4 wights
  An electric eel (D:15)
  29 orc priests
  2 centaur skeletons
  A gnoll shaman (D:5)
  2 hounds
  3 jellies
  8 iguanas
  20 orc wizards
  5 ogre zombies (D:11)
  2 howler monkey zombies (D:8)
  A howler monkey skeleton (D:4)
  18 gnolls
  14 adders
  5 river rats (Sewer)
  3 shadow imps
  2 white imps
  An ufetubus (D:7)
  4 worms
  4 dart slugs
  76 orcs
  11 endoplasms
  2 giant cockroaches
  12 goblins
  7 hobgoblins
  8 jackals
  7 quokkas
  14 ball pythons
  5 bats
  8 frilled lizards
  2 goblin skeletons (D:11)
  3 goblin zombies (D:11)
  A hobgoblin zombie (D:11)
  18 kobolds
  An orc skeleton (D:11)
  12 orc zombies (D:11)
  30 rats
855 creatures vanquished.

Vanquished Creatures (others)
  An ogre mage (D:14)
  A bush (Lair:2)
  53 fungi
  109 plants
164 creatures vanquished.

Grand Total: 1019 creatures vanquished

Notes
Turn   | Place    | Note
-------+----------+-------------------------------------------
     0 | D:1      | McKennaii the Draconian Conjurer began the quest for the
                  | Orb.
     0 | D:1      | Reached XP level 1. HP: 14/14 MP: 3/3
   573 | D:1      | Reached XP level 2. HP: 20/20 MP: 0/5
  1624 | D:2      | Reached XP level 3. HP: 26/26 MP: 4/6
  1744 | D:2      | You fall into a shaft and drop 2 floors!
  1798 | D:4      | Found Etuts's General Store.
  1915 | D:4      | Reached XP level 4. HP: 15/33 MP: 1/8
  1986 | D:4      | Found an ornate altar of the Wu Jian Council.
  2097 | D:4      | Reached XP level 5. HP: 34/38 MP: 3/9
  2188 | D:4      | Reached skill level 5 in Conjurations
  2333 | D:4      | Found a glowing drain.
  2338 | Sewer    | Entered a sewer
  2833 | Sewer    | Reached XP level 6. HP: 45/45 MP: 6/11
  3626 | D:3      | Reached skill level 6 in Conjurations
  3821 | D:3      | Found a stormy altar of Qazlal.
  3911 | D:3      | Found a faded altar of an unknown god.
  4124 | D:3      | Your scales start taking on a golden yellow colour.
  4124 | D:3      | Reached XP level 7. HP: 50/50 MP: 9/13
  4124 | D:3      | Gained mutation: You are resistant to acid. (rCorr) [Yellow
                  | Draconian growth]
  5089 | D:2      | Learned a level 2 spell: Searing Ray
  5094 | D:2      | Learned a level 4 spell: Iskenderun's Mystic Blast
  5439 | D:3      | Found a sparkling altar of Nemelex Xobeh.
  5677 | D:4      | HP: 2/50 [ogre/+0 giant club (6)]
  6078 | D:4      | Reached skill level 5 in Spellcasting
  6541 | D:4      | Reached skill level 7 in Conjurations
  7058 | D:4      | Found a glowing golden altar of the Shining One.
  7101 | D:5      | Entered Level 5 of the Dungeon
  7124 | D:5      | Reached XP level 8. HP: 46/57 MP: 2/16
  7678 | D:5      | Reached skill level 8 in Conjurations
  7867 | D:5      | Found a shimmering blue altar of Sif Muna.
  7951 | D:5      | Found a staircase to the Ecumenical Temple.
  8229 | Temple   | Entered the Ecumenical Temple
  8679 | D:5      | Became a worshipper of Sif Muna the Loreminder
  8802 | D:5      | Reached skill level 9 in Conjurations
  8802 | D:5      | Reached XP level 9. HP: 55/62 MP: 8/20
  9018 | D:5      | Found a hide-covered altar of Uskayaw.
  9121 | D:5      | Found a burning altar of Makhleb.
  9282 | D:6      | Noticed Prince Ribbit
  9294 | D:5      | Killed Prince Ribbit
 10107 | D:6      | Noticed Dowan
 10114 | D:6      | Noticed Duvessa
 10154 | D:6      | Killed Duvessa
 10186 | D:6      | Killed Dowan
 10187 | D:6      | Reached skill level 10 in Conjurations
 10434 | D:6      | Reached * piety under Sif Muna
 11247 | D:7      | Reached XP level 10. HP: 46/69 MP: 4/23
 12445 | D:8      | Reached skill level 11 in Conjurations
 13346 | D:8      | Found a sacrificial altar of Ru.
 13380 | D:8      | Reached skill level 10 in Spellcasting
 13478 | D:8      | Found a radiant altar of Vehumet.
 13790 | D:9      | Gained mutation: Your spells are a little harder to cast,
                  | but a little more powerful. [potion of mutation]
 13790 | D:9      | Gained mutation: Your large and strong wings let you fly.
                  | [potion of mutation]
 14094 | D:9      | Found a blossoming altar of Fedhas.
 14156 | D:9      | Found a flagged portal.
 14172 | Bailey   | Entered a bailey
 14245 | Bailey   | Reached ** piety under Sif Muna
 14259 | Bailey   | Reached skill level 12 in Conjurations
 14590 | Bailey   | Identified the +1 ice dragon scales "Zoys" {rElec rF- rC++}
 14599 | Bailey   | Noticed a two-headed ogre
 14902 | Bailey   | Killed a two-headed ogre
 14903 | Bailey   | Reached XP level 11. HP: 74/74 MP: 16/26
 14927 | Bailey   | Identified the quicksilver dragon scales of Bedevilment
                  | {Will+ MP+9}
 16325 | D:10     | Entered Level 10 of the Dungeon
 16325 | D:10     | Found Tuit's Antique Armour Boutique.
 16332 | D:10     | Learned a level 5 spell: Freezing Cloud
 16517 | D:10     | Reached skill level 13 in Conjurations
 16933 | D:10     | Reached *** piety under Sif Muna
 16956 | D:10     | Identified the +4 rapier "Draconian's Curse" {holy, rN+}
 17337 | D:11     | Noticed a two-headed ogre
 18389 | D:11     | Found a staircase to the Lair.
 18478 | D:11     | Reached **** piety under Sif Muna
 18897 | D:10     | Killed a two-headed ogre
 19156 | D:11     | Reached skill level 14 in Conjurations
 19561 | D:11     | Found a staircase to the Orcish Mines.
 19883 | Lair:1   | Entered Level 1 of the Lair of Beasts
 20023 | Lair:1   | Reached XP level 12. HP: 55/81 MP: 19/28
 21341 | Lair:2   | Noticed a seven-headed hydra
 21351 | Lair:2   | Killed a seven-headed hydra
 21600 | Lair:2   | Noticed a seven-headed hydra
 21637 | Lair:2   | Killed a seven-headed hydra
 21716 | Lair:2   | Reached skill level 15 in Conjurations
 23104 | Lair:3   | Reached ***** piety under Sif Muna
 23397 | Lair:3   | Noticed a five-headed hydra
 23402 | Lair:3   | Killed a five-headed hydra
 24293 | Lair:3   | Found a staircase to the Shoals.
 25266 | Lair:4   | Noticed a death yak
 25267 | Lair:4   | Noticed a death yak
 25269 | Lair:4   | Noticed a death yak
 25279 | Lair:4   | Noticed a death yak
 25283 | Lair:4   | Noticed a death yak
 25296 | Lair:4   | Killed a death yak
 25296 | Lair:4   | Killed a death yak
 25439 | Lair:3   | Killed a death yak
 25440 | Lair:3   | Reached XP level 13. HP: 33/86 MP: 1/31
 26004 | Lair:4   | Found a hole to the Spider Nest.
 26135 | Lair:4   | Reached skill level 16 in Conjurations
 26314 | Lair:4   | Received a gift from Sif Muna
 26343 | Lair:4   | HP: 3/86 [black mamba (7)]
 28184 | Lair:5   | Reached skill level 15 in Spellcasting
 29933 | Lair:5   | Reached skill level 17 in Conjurations
 30355 | Lair:5   | Found a staircase to the Slime Pits.
 30648 | Lair:6   | Entered Level 6 of the Lair of Beasts
 30790 | Lair:6   | Received a gift from Sif Muna
 30793 | Lair:6   | Got Sif Muna's Papyrus of the Fiery Compass {god gift}
 31907 | Lair:6   | Gained mutation: You have acidic saliva. [Yellow Draconian
                  | growth]
 31907 | Lair:6   | Reached XP level 14. HP: 54/93 MP: 13/33
 33794 | Lair:6   | Found the +0 staff of Battle
 33990 | Lair:6   | Reached skill level 18 in Conjurations
 36663 | D:13     | Noticed Kirke
 36678 | D:13     | Noticed a sphinx
 36685 | D:13     | Paralysed by a sphinx for 2 turns
 36906 | D:13     | Noticed Sonja
 37094 | D:13     | Killed Kirke
 37205 | D:13     | Killed Sonja
 37524 | D:14     | Received a gift from Sif Muna
 37624 | D:14     | Got Sif Muna's Volume of Flying Heat {god gift}
 37708 | D:14     | Reached skill level 19 in Conjurations
 37842 | D:14     | Reached XP level 15. HP: 99/99 MP: 26/36
 38431 | D:14     | Identified Roxanne's Papyrus of Transmutation
 38431 | D:14     | Noticed Roxanne
 38603 | D:14     | Learned a level 7 spell: Orb of Destruction
 38659 | D:14     | Found a gate to the Vaults.
 39431 | D:14     | Found a white marble altar of Elyvilon.
 40149 | D:14     | Killed Roxanne
 40150 | D:14     | Reached skill level 1 in Ice Magic
 40150 | D:14     | Reached skill level 1 in Air Magic
 40184 | D:14     | Learned a level 6 spell: Statue Form
 40285 | D:15     | Entered Level 15 of the Dungeon
 40539 | D:15     | Noticed Josephine
 40547 | D:15     | Killed Josephine
 40589 | D:15     | Reached skill level 1 in Transmutations
 41629 | D:15     | Received a gift from Sif Muna
 41693 | D:15     | Got Sif Muna's Reference Book on Harmful Weightlessness
                  | {god gift}
 41694 | D:15     | Found a staircase to the Depths.
 42339 | Orc:1    | Entered Level 1 of the Orcish Mines
 42900 | Orc:2    | Entered Level 2 of the Orcish Mines
 43188 | Orc:2    | Found a runed translucent gate.
 43189 | Orc:2    | Found a runed translucent gate.
 43190 | Orc:2    | Found a runed translucent gate.
 43752 | Orc:2    | Noticed Maurice
 43755 | Orc:2    | Killed Maurice
 43937 | Orc:2    | Received a gift from Sif Muna
 43938 | Orc:2    | Got Sif Muna's Reference Book on Snow {god gift}
 44170 | Orc:2    | Found a staircase to the Elven Halls.
 44248 | Orc:2    | Noticed an orc warlord
 44256 | Orc:2    | Killed an orc warlord
 44383 | Orc:2    | Found Petuzir's Antique Armour Emporium.
 44384 | Orc:2    | Found Yvoecuaz's Antique Weapon Emporium.
 44387 | Orc:2    | Found Okkirus's Antique Weapon Shoppe.
 44387 | Orc:2    | Found Ymnush's General Store.
 44443 | Orc:2    | Noticed Faeu's ghost (journeyman MiFi)
 44454 | Orc:2    | Killed Faeu's ghost
 44626 | Orc:2    | Bought a potion of curing for 36 gold pieces
 44626 | Orc:2    | Bought a scroll of summoning for 114 gold pieces
 44627 | Orc:2    | Bought a jewelled dagger for 203 gold pieces
 44627 | Orc:2    | Identified the +7 dagger of Defence by Offence {protect,
                  | rN++} (You bought it in a shop on level 2 of the Orcish
                  | Mines)
 45260 | Shoals:1 | Entered Level 1 of the Shoals
 47007 | Shoals:2 | Reached XP level 16. HP: 50/105 MP: 21/37
 48314 | Shoals:2 | HP: 5/105 [merfolk aquamancer] (4)]
 49222 | Shoals:2 | Reached skill level 5 in Dodging
 49234 | Shoals:2 | Found the +8 glaive of the Guard {elec, spectral, AC+5}
 49431 | Shoals:3 | Reached skill level 5 in Ice Magic
 49431 | Shoals:3 | Reached skill level 5 in Air Magic
 49465 | Shoals:3 | Received a gift from Sif Muna
 49504 | Shoals:3 | Got Sif Muna's Handbook of Combat Magic {god gift}
 50086 | Shoals:3 | HP: 3/105 [satyr/arrow (24)]
 50086 | Shoals:3 | Hit by a boomerang thrown by a merfolk

Illustrated notes

Levels and vault maps discovered:
D:1:      lemuel_arrival_behind_the_door_small, layout_loops_corners,
          minmay_unequal
D:2:      minmay_chambers_of_twos, layout_loops_ring
D:3:      layout_basic, nemelex_spade_bored_becter, lemuel_doored_altar,
          hellmonk_ecumenical_altar_heavens_door
D:4:      layout_gridville, nicolae_tso_swordbearing_angel,
          mainiacjoe_overflow_chevrons, lightli_sewer_entry_pipes, serial_shops,
          nicolae_shop_temple_entry_statues_fountains
D:5:      layout_basic, mainiacjoe_overflow_catwalk,
          mainiacjoe_overflow_large_starburst, minmay_temple_entry_proselytizer
D:6:      layout_cave_pools, serial_bayou_pond_a, minivault_22,
          uniq_prince_ribbit1, uniq_duvessa
D:7:      layout_basic
D:8:      layout_rooms, nicolae_vehumet_radiance, nicolae_ru_awakened_eye
D:9:      layout_loops_corners, mainiacjoe_overflow_alcove_1, enter_bailey_5
D:10:     layout_rooms, serial_shops, nicolae_shop_advertising_works
          [nicolae_subvault_shop_adworks], mrwooster_statue_mirror,
          minmay_diced_spiral
D:11:     layout_cave_pools, david_lair_shrubbed, zombieorc1_lemuel
D:12:     layout_loops_cross, hangedman_decor_diamond_cutter,
          lightli_fourway_metalbox
D:13:     layout_rooms, nicolae_figureground_pulse, uniq_sonja, uniq_kirke
D:14:     layout_roguey, hangedman_vaults_entry_quadrant_bands,
          portal_ice_cave_entry_ice_statue_two, elyvilon_altar_4,
          patterned_corridor, uniq_roxanne
D:15:     grunt_enter_depths_magical_seal, layout_irregular_city,
          minmay_misc_feat_rows, minivault_4, uniq_josephine
Temple:   minmay_temple_forest_path
Lair:1:   layout_cave_shapes
Lair:2:   dpeg_oklob_gauntlet, layout_regular_city, grunt_megastairs_1,
          serial_bayou_shore_b
Lair:3:   layout_cave_pods, minmay_shoals_entry_beasts, st_stairs_13,
          lemuel_fruit_fields, grunt_megastairs_2
Lair:4:   layout_small_grid, dummy_spider_entry, lemuel_fruit_fields,
          lemuel_fruit_tree
Lair:5:   layout_regular_city, dpeg_slime_entry_corner,
          infiniplex_staircase_pool, grunt_megastairs_4, serial_bayou_shore_b
Lair:6:   gammafunk_lair_ancient_temple, layout_small_grid
Shoals:1: layout_shoals
Shoals:2: layout_shoals, nicolae_shoals_spring_well_temple
Shoals:3: layout_shoals, serial_shops, nicolae_shop_hallway_plus
Orc:1:    layout_diamond_mine, mines2_david
Orc:2:    st_orc_mages, layout_caves, ebering_ghost_rock_garden,
          minmay_orc_barracks, uniq_maurice

Skill      XL: |  1  2  3  4  5  6  7  8  9 10 11 12 13 14 15 16 |
---------------+-------------------------------------------------+-----
Stealth        | 2 3 4 |  4.0
Dodging        | 2 4 5 |  5.1
Spellcasting   | 3 4 5 7 9 11 12 14 15 17 18 | 18.1
Conjurations   | 5 6 7 9 10 12 14 15 17 19 | 19.8
Ice Magic      | 4 5 |  5.0
Air Magic      | 4 5 |  5.0
Transmutations | 3 4 |  4.7

Action                   |  1- 3 |  4- 6 |  7- 9 | 10-12 | 13-15 | 16-18 || total
-------------------------+-------+-------+-------+-------+-------+-------++-------
Melee: Unarmed           |    15 |       |       |       |       |       ||    15
       Tailslap          |     6 |     3 |     2 |     5 |     7 |     1 ||    24
       Trident           |     8 |    35 |    25 |    27 |       |       ||    95
       Punch             |     1 |       |       |     1 |     1 |       ||     3
       Rapier            |       |       |       |    61 |    42 |       ||   103
       Staff             |       |       |       |       |     7 |     1 ||     8
       Bite              |       |       |       |       |     2 |       ||     2
 Cast: Magic Dart        |    61 |   158 |   255 |   386 |   883 |    86 ||  1829
       Searing Ray       |       |       |    40 |   101 |    70 |       ||   211
       Iskenderun's Myst |       |       |     9 |   136 |   247 |    19 ||   411
       Freezing Cloud    |       |       |       |     4 |     8 |     3 ||    15
       Orb of Destructio |       |       |       |       |    16 |     6 ||    22
 Abil: Breathe Acid      |       |       |       |       |       |     1 ||     1
Evoke: Wand              |       |       |       |     7 |       |       ||     7
  Use: Scroll            |       |       |     5 |    13 |     5 |     1 ||    24
       Potion            |       |       |       |     9 |     4 |       ||    13
 Stab: Sleeping          |       |       |     1 |       |       |       ||     1
       Invisible         |       |       |       |     4 |       |       ||     4
Armor: Skin              |     7 |    25 |    24 |    84 |   134 |     7 ||   281
Dodge: Dodged            |    14 |    46 |    69 |   168 |   235 |    22 ||   554
